[Event "Titled Tuesday Blitz July 05 Late 2022"]
[White "Vasquez Schroeder, Rodrigo"]
[Black "Vovk, Orest"]
[WhiteFideId "3400042"]
[BlackFideId "14113490"]
[WhiteElo "2567"]
[BlackElo "2203"]
[Result "1-0"]
[Round "06"]
[TimeControl "180+1"]
[Date "2022.07.05"]
[WhiteClock "0:00:19"]
[BlackClock "0:00:01"]

1. e4 g5 2. d4 g4 3. c3 d5 4. e5 c5 5. Be3 Nc6 6. h3 h5 7. hxg4 Bxg4 8. Be2 Bxe2 9. Nxe2 Qb6 10. Qd2 cxd4 11. cxd4 O-O-O 12. Nbc3 e6 13. Nf4 h4 14. g3 Be7 15. Ng2 h3 16. Nf4 h2 17. O-O-O Bb4 18. a3 Na5 19. Qc2 Bxc3 20. Qxc3+ Kb8 21. Kb1 Rc8 22. Qb4 Qxb4 23. axb4 Nc4 24. Bc1 Ne7 25. g4 Rcg8 26. f3 Nc6 27. b5 Ne7 28. Nh5 a6 29. bxa6 bxa6 30. Rxh2 Ka7 31. b3 Rb8 32. Ka2 Na5 33. Ba3 Nec6 34. Rb2 Nb4+ 35. Kb1 Rhc8 36. Bxb4 Rxb4 37. Rd3 Rcb8 38. Ka2 Nc4 39. Rc2 Na5 40. Rcc3 R8b5 41. Nf6 Nb7 42. Ne8 Ra5+ 43. Kb2 Rb6 44. Rc7 Ra4 45. Nd6 Rab4 46. Nc8+ Kb8 47. Nxb6 Kxc7 48. Na4 Na5 49. Nc5 Rb8 50. Nxa6+ 1-0


[Site "https://www.chess.com"]

[Event "Titled Tuesday Blitz July 05 Late 2022"]
[White "Veiga, Jose Francisco R P Neves"]
[Black "Premnath, R."]
[WhiteFideId "1930087"]
[BlackFideId "5021928"]
[WhiteElo "2288"]
[BlackElo "2621"]
[Result "1-0"]
[Round "06"]
[TimeControl "180+1"]
[Date "2022.07.06"]
[WhiteClock "0:00:11"]
[BlackClock "0:00:06"]

1. e4 c5 2. Nf3 d6 3. Bb5+ Bd7 4. Bxd7+ Qxd7 5. O-O Nc6 6. c3 Nf6 7. Re1 e6 8. d4 cxd4 9. cxd4 d5 10. e5 Ne4 11. Nbd2 Nxd2 12. Bxd2 Be7 13. Rc1 O-O 14. Rc3 Rac8 15. a3 Rc7 16. h4 h6 17. Rd3 Rfc8 18. Nh2 Bf8 19. Ng4 Qd8 20. Rg3 Kh8 21. Nxh6 gxh6 22. Qg4 Ne7 23. Ree3 Rc2 24. Ref3 Qe8 25. Bxh6 Bxh6 26. Qh5 Rc1+ 27. Kh2 Ng6 28. Qxh6+ Kg8 29. h5 R8c7 30. hxg6 fxg6 31. Rxg6+ Qxg6 32. Qxg6+ Rg7 33. Qe8+ Kh7 34. Rh3# 1-0


[Site "https://www.chess.com"]

[Event "Titled Tuesday Blitz July 05 Late 2022"]
[White "Wachinger, Nikolas"]
[Black "Goncalves, Davi Sulzbacher"]
[WhiteFideId "12962791"]
[BlackFideId "2154510"]
[WhiteElo "2253"]
[BlackElo "2107"]
[Result "0-1"]
[Round "06"]
[TimeControl "180+1"]
[Date "2022.07.06"]
[WhiteClock "0:00:03"]
[BlackClock "0:00:11"]

1. d4 Nf6 2. Nf3 e6 3. Bf4 c5 4. e3 b6 5. Nbd2 Bb7 6. Bd3 Be7 7. h3 O-O 8. O-O Nc6 9. c3 d5 10. Ne5 Nxe5 11. Bxe5 Nd7 12. Bh2 f5 13. a4 Nf6 14. a5 bxa5 15. Qa4 Bd6 16. Qxa5 Bxh2+ 17. Kxh2 Qd6+ 18. Kg1 c4 19. Bc2 Ne4 20. Nf3 Qb6 21. Bxe4 fxe4 22. Ne5 Rfd8 23. Ra2 Rd6 24. Qxb6 Rxb6 25. Nd7 Rb5 26. Nc5 Kf7 27. Rfa1 a5 28. Kf1 Bc8 29. Ke1 e5 30. Kd2 Ke7 31. Kc1 Bf5 32. Ra3 Kd6 33. b3 exd4 34. cxd4 cxb3 35. Rxb3 Rxb3 36. Nxb3 a4 37. Nc5 a3 38. Kc2 Bd7 39. Kb3 Bb5 40. Rxa3 Bc4+ 41. Kb2 Rf8 42. Rc3 Rxf2+ 43. Rc2 Rf1 44. Nxe4+ dxe4 45. Rxc4 Re1 46. Rc3 Re2+ 47. Kb3 Rxg2 48. Kc4 Rg3 49. Ra3 Rxh3 50. Ra6+ Ke7 51. Ra3 h5 52. d5 h4 53. Kd4 Rg3 54. Kxe4 h3 55. Ra1 h2 56. Rh1 Rg2 57. Ke5 g5 58. e4 g4 0-1


[Site "https://www.chess.com"]

[Event "Titled Tuesday Blitz July 05 Late 2022"]
[White "Wieczorek, Oskar"]
[Black "Lashkin, Jegor"]
[WhiteFideId "1133950"]
[BlackFideId "13907808"]
[WhiteElo "2330"]
[BlackElo "2368"]
[Result "0-1"]
[Round "06"]
[TimeControl "180+1"]
[Date "2022.07.05"]
[WhiteClock "0:00:03"]
[BlackClock "0:00:04"]

1. e4 c5 2. Nf3 d6 3. d4 cxd4 4. Nxd4 Nf6 5. Nc3 a6 6. Be2 e5 7. Nf3 Be7 8. Bg5 Be6 9. Bxf6 Bxf6 10. O-O O-O 11. Nd5 Nd7 12. Bc4 Rc8 13. Qe2 Nb6 14. Nxf6+ Qxf6 15. Bxe6 Qxe6 16. Rfd1 Rfe8 17. a4 Rc6 18. b3 Rc3 19. Rd3 Rec8 20. Qe3 Rxd3 21. Qxd3 Rc6 22. Rd1 h6 23. c4 Nd7 24. h3 Nc5 25. Qe3 Qg6 26. Re1 a5 27. Nh4 Qf6 28. Nf3 Rb6 29. Nd2 Qg5 30. Qxg5 hxg5 31. Re3 f6 32. Kf1 Ne6 33. Nf3 Kf7 34. g3 Nc5 35. Nd2 g6 36. Rf3 Ke6 37. g4 Ke7 38. Re3 Ne6 39. Nb1 Kf7 40. Na3 Rc6 41. Nb5 Ke7 42. Ke1 Nc5 43. Kd2 Rc8 44. Kc3 Kd7 45. Kc2 Rh8 46. Kb2 Rh7 47. Kc2 Ke6 48. Kb2 f5 49. exf5+ gxf5 50. gxf5+ Kxf5 51. Nxd6+ Ke6 52. Nb5 Rf7 53. Nd4+ Kd6 54. Nf3 e4 55. Nxg5 Rxf2+ 56. Kc3 Ke5 57. h4 Kf4 58. Re1 Rh2 59. Kd4 Nxb3+ 60. Kd5 Nd2 61. c5 e3 62. Rf1+ Nxf1 0-1


[Site "https://www.chess.com"]

[Event "Titled Tuesday Blitz July 05 Late 2022"]
[White "Zhou, Qiyu"]
[Black "Kubatko, Ivan"]
[WhiteFideId "505161"]
[BlackFideId "24111473"]
[WhiteElo "1925"]
[BlackElo "2285"]
[Result "0-1"]
[Round "06"]
[TimeControl "180+1"]
[Date "2022.07.06"]
[WhiteClock "0:00:01"]
[BlackClock "0:00:07"]

1. e4 d5 2. exd5 Qxd5 3. Nc3 Qa5 4. Bc4 Nf6 5. d3 Bg4 6. f3 Bd7 7. Bd2 Qb6 8. Rb1 Nc6 9. Qe2 Nd4 10. Qd1 e6 11. Nge2 O-O-O 12. Nxd4 Qxd4 13. Qe2 Bc6 14. Be3 Qh4+ 15. Bf2 Qh6 16. Qe3 Qxe3+ 17. Bxe3 a6 18. O-O Bb4 19. Ne4 Nd5 20. Bf2 h6 21. a3 Be7 22. Rbd1 Rhe8 23. Rfe1 Nb6 24. Bb3 Nd5 25. Nc5 b6 26. Ne4 Kb7 27. c3 a5 28. a4 Rd7 29. Nd2 Red8 30. Nc4 Bf6 31. d4 Ne7 32. Ne5 Bxe5 33. Rxe5 Bd5 34. Bc2 Nc6 35. Re2 e5 36. dxe5 Bc4 37. Rxd7 Rxd7 38. Re1 g5 39. Rd1 Re7 40. Bd4 Nxe5 41. Kf2 f6 42. Be4+ Kc8 43. Bf5+ Kb7 44. Re1 c5 45. Bxe5 Rxe5 46. Rxe5 fxe5 47. Be4+ Kc7 48. Bc2 Kd6 49. Ke3 Ke6 50. b3 Bd5 51. g3 Kf6 52. f4 exf4+ 53. gxf4 g4 54. Bd1 h5 55. c4 Be6 56. Bc2 Bf5 57. Be4 h4 0-1


[Site "https://www.chess.com"]

[Event "Titled Tuesday Blitz July 05 Late 2022"]
[White "Adewumi, Tanitoluwa"]
[Black "Samsonkin, Artiom"]
[WhiteFideId "30966396"]
[BlackFideId "13503111"]
[WhiteElo "2576"]
[BlackElo "2513"]
[Result "0-1"]
[Round "07"]
[TimeControl "180+1"]
[Date "2022.07.05"]
[WhiteClock "0:00:02"]
[BlackClock "0:00:07"]

1. e4 d5 2. exd5 Qxd5 3. Nc3 Qa5 4. d4 Nf6 5. Nf3 Bg4 6. h3 Bxf3 7. Qxf3 c6 8. Bc4 e6 9. O-O Nbd7 10. Bf4 Be7 11. Rfe1 O-O 12. Rad1 Rad8 13. Qg3 Nh5 14. Bc7 Nxg3 15. Bxa5 b6 16. fxg3 bxa5 17. Ne4 Nb6 18. Be2 f5 19. Nc5 Kf7 20. Bf3 Rxd4 21. Nxe6 Rxd1 22. Bxd1 Re8 23. Nf4 Na4 24. b3 Nc3 25. Bf3 Bc5+ 26. Kf1 Rxe1+ 27. Kxe1 Nxa2 28. Bxc6 Nb4 29. Bf3 Nxc2+ 30. Kd2 Nd4 31. Bd5+ Kf6 32. Kd3 Bb6 33. Bg8 Ke5 34. Nd5 Nxb3 35. Nf4 Nc5+ 36. Kc4 Ne4 37. Bxh7 Nxg3 38. Kb3 Kxf4 39. Bxf5 Nxf5 0-1


[Site "https://www.chess.com"]

[Event "Titled Tuesday Blitz July 05 Late 2022"]
[White "Aggelis, Nikolaos"]
[Black "Silva Lucena, Cristian"]
[WhiteFideId "4213220"]
[BlackFideId "2232588"]
[WhiteElo "2154"]
[BlackElo "2223"]
[Result "1/2-1/2"]
[Round "07"]
[TimeControl "180+1"]
[Date "2022.07.06"]
[WhiteClock "0:00:04"]
[BlackClock "0:00:06"]

1. Nf3 d5 2. g3 Bg4 3. Bg2 Nd7 4. O-O e5 5. d3 h5 6. h3 Bxf3 7. exf3 h4 8. Re1 hxg3 9. fxg3 Bd6 10. f4 Ne7 11. d4 e4 12. c4 c6 13. Nc3 g5 14. cxd5 cxd5 15. Qb3 gxf4 16. Nxd5 f3 17. Bf1 Nxd5 18. Qxd5 Nf6 19. Rxe4+ Nxe4 20. Qxe4+ Qe7 21. Qxf3 O-O-O 22. Bf4 Bxf4 23. Qxf4 Qd6 24. Rc1+ Kb8 25. Qxd6+ Rxd6 26. Rd1 Rhd8 27. Bc4 f6 28. d5 b5 29. Bb3 a5 30. a3 a4 31. Ba2 Rc8 32. Rd2 Rc1+ 33. Kf2 Ra1 34. b4 axb3 35. Bxb3 Rxa3 36. Rd3 Kc7 37. Ke3 Kb6 38. Kd4 Ra1 39. h4 Ka5 40. Bd1 Kb6 41. h5 Ra2 42. g4 Rh2 43. Ke4 b4 44. Kf5 Kc5 45. Kg6 Kc4 46. Rf3 Kc5 47. Bb3 Rb2 48. h6 Rh2 49. h7 Rd7 50. Rxf6 Rhxh7 51. g5 Rhg7+ 52. Kf5 Kd4 53. g6 Kc3 54. Ba4 b3 55. Bxd7 b2 56. Rb6 Rxd7 57. Ke6 Rg7 58. Kf6 Rd7 59. d6 Rxd6+ 60. Rxd6 b1=Q 61. Re6 Qf1+ 62. Kg7 Qf5 63. Rf6 Qe5 64. Kf7 Qc7+ 65. Kg8 Qd8+ 66. Rf8 Qd5+ 67. Kh8 Qh5+ 68. Kg7 Kd4 69. Rd8+ Ke5 70. Ra8 Ke6 71. Ra6+ Kd7 72. Ra7+ Kc8 73. Rf7 Kd8 74. Rf8+ Ke7 75. Rf7+ Ke6 76. Rf6+ Ke5 77. Rf7 Qg5 78. Rf8 Qe7+ 79. Rf7 Qe8 80. Rf8 Qd8 81. Rf7 Ke6 82. Rf8 Qd4+ 83. Kg8 Qg4 84. g7 Qg6 85. Rb8 Qf7+ 86. Kh8 Qh5+ 87. Kg8 Qf7+ 88. Kh8 Qh5+ 89. Kg8 Qf7+ 1/2-1/2


[Site "https://www.chess.com"]

[Event "Titled Tuesday Blitz July 05 Late 2022"]
[White "Aloma Vidal, Robert"]
[Black "Horak, Martin"]
[WhiteFideId "2260409"]
[BlackFideId "367095"]
[WhiteElo "2435"]
[BlackElo "1997"]
[Result "1/2-1/2"]
[Round "07"]
[TimeControl "180+1"]
[Date "2022.07.06"]
[WhiteClock "0:00:05"]
[BlackClock "0:00:05"]

1. e4 c5 2. c3 Nf6 3. e5 Nd5 4. Nf3 d6 5. d4 cxd4 6. cxd4 Nc6 7. Bc4 Nb6 8. Bb5 g6 9. O-O Bd7 10. Nc3 dxe5 11. dxe5 Bg7 12. Re1 O-O 13. Bg5 a6 14. Bf1 Bg4 15. Qxd8 Rfxd8 16. Be2 Be6 17. Rac1 h6 18. Be3 Nd5 19. Nxd5 Bxd5 20. b3 Rac8 21. Bb6 Re8 22. Rc5 e6 23. Rec1 g5 24. h3 Ra8 25. Bd1 Nxe5 26. Nxe5 Bxe5 27. Bf3 Bd6 28. R5c3 Bxf3 29. Rxf3 Rac8 30. Rd1 Be5 31. h4 g4 32. Rfd3 Rc2 33. a4 Rb2 34. Be3 Kg7 35. Rd7 Rxb3 36. a5 Rc8 37. h5 g3 38. Rf1 Rc2 39. fxg3 Rxe3 40. Rfxf7+ Kg8 41. Rfe7 Re1+ 42. Kh2 Kf8 43. Rf7+ Kg8 44. Rfe7 Kf8 45. Rf7+ Ke8 46. Rfe7+ Kf8 1/2-1/2


[Site "https://www.chess.com"]

[Event "Titled Tuesday Blitz July 05 Late 2022"]
[White "Ambartsumova, Karina"]
[Black "Livaic, Leon"]
[WhiteFideId "4166299"]
[BlackFideId "14531534"]
[WhiteElo "2262"]
[BlackElo "2540"]
[Result "1/2-1/2"]
[Round "07"]
[TimeControl "180+1"]
[Date "2022.07.05"]
[WhiteClock "0:00:03"]
[BlackClock "0:00:33"]

1. Nf3 d5 2. g3 c6 3. d4 Bf5 4. c4 e6 5. Qb3 Qb6 6. Nc3 Nd7 7. Bf4 Ngf6 8. c5 Qxb3 9. axb3 a6 10. b4 Rc8 11. Nd2 h6 12. h4 g6 13. Nb3 Nh5 14. Be3 e5 15. Na5 Rc7 16. Rg1 Bg7 17. O-O-O exd4 18. Bxd4 Bxd4 19. Rxd4 Nhf6 20. g4 Be6 21. f3 g5 22. Rh1 Rg8 23. e3 Ne5 24. Be2 Kd7 25. hxg5 hxg5 26. Rh6 Ke7 27. Rd1 Bc8 28. Na4 Ng6 29. Nb6 Be6 30. Rdh1 Kf8 31. R6h2 Re7 32. Kd2 Kg7 33. Bd3 Ne5 34. Rf2 Rd8 35. Nb3 Ned7 36. Nxd7 Bxd7 37. Nd4 Rde8 38. Re1 Rh8 39. Bf5 Rh3 40. Bxd7 Rxd7 41. Nf5+ Kg6 42. Rg1 Rd8 43. Rg3 Rxg3 44. Nxg3 Rh8 45. Nf5 Nd7 46. Nd6 b6 47. cxb6 Nxb6 48. Kc3 Rd8 49. Nf5 Rh8 50. Kd4 Rh1 51. Kc5 Nc4 52. Kxc6 Rd1 53. Kb7 Ra1 54. Ne7+ Kg7 55. Nxd5 Rd1 56. e4 Ra1 57. Kc6 Ne5+ 58. Kb7 Ra2 59. Kb6 Nd3 60. Rd2 Ne5 61. Rf2 Nd3 62. Rd2 Ne5 63. Rf2 1/2-1/2


[Site "https://www.chess.com"]

[Event "Titled Tuesday Blitz July 05 Late 2022"]
[White "Andreikin, Dmitry"]
[Black "Sjugirov, Sanan"]
[WhiteFideId "4158814"]
[BlackFideId "4189302"]
[WhiteElo "2736"]
[BlackElo "2609"]
[Result "1-0"]
[Round "07"]
[TimeControl "180+1"]
[Date "2022.07.05"]
[WhiteClock "0:01:26"]
[BlackClock "0:00:02"]

1. d4 Nf6 2. c4 e6 3. Nc3 Bb4 4. Nf3 b6 5. Qc2 Bb7 6. a3 Bxc3+ 7. Qxc3 O-O 8. b4 a5 9. Bb2 d6 10. e3 Ne4 11. Qc2 f5 12. d5 axb4 13. axb4 Rxa1+ 14. Bxa1 exd5 15. cxd5 Bxd5 16. Bc4 Bxc4 17. Qxc4+ d5 18. Qd4 Nf6 19. O-O Nc6 20. Qd2 Qd6 21. Rc1 Ne4 22. Qb2 d4 23. b5 Ne5 24. Nxd4 Ng4 25. Nf3 Rf7 26. Qa2 h6 27. h3 Nexf2 28. hxg4 Nxg4 29. Bd4 Qe7 30. Qd5 Kh7 31. Ne5 Nxe5 32. Bxe5 Qg5 33. Bf4 Qg4 34. Qxf7 1-0


[Site "https://www.chess.com"]

[Event "Titled Tuesday Blitz July 05 Late 2022"]
[White "Averjanov, Alexey"]
[Black "Koc, Przemyslaw"]
[WhiteFideId "14109867"]
[BlackFideId "1109081"]
[WhiteElo "2690"]
[BlackElo "2134"]
[Result "1-0"]
[Round "07"]
[TimeControl "180+1"]
[Date "2022.07.06"]
[WhiteClock "0:00:48"]
[BlackClock "0:00:02"]

1. d4 f5 2. c4 Nf6 3. Nf3 g6 4. g3 Bg7 5. Bg2 O-O 6. O-O d6 7. b3 e5 8. dxe5 Ng4 9. Bb2 Nxe5 10. Nc3 Nbc6 11. Qd2 Be6 12. Ng5 Bh6 13. Nxe6 Bxd2 14. Nxd8 Raxd8 15. Nd5 Rd7 16. f4 Ng4 17. h3 Ne3 18. Nf6+ Rxf6 19. Bxf6 Nxf1 20. Bd5+ Kf8 21. Rxf1 Be3+ 22. Kg2 Nb4 23. Bxb7 c6 24. Bc8 Rc7 25. Be6 Nxa2 26. Kf3 Bc5 27. g4 fxg4+ 28. hxg4 Nb4 29. f5 Nc2 30. Ke4 Ne3 31. Rf4 gxf5+ 32. gxf5 d5+ 33. cxd5 cxd5+ 34. Ke5 d4 35. Ke4 a5 36. Bxd4 Bxd4 37. Kxd4 Nc2+ 38. Ke5 Nb4 39. Rg4 Rg7 40. Rc4 Re7 41. f6 Re8 42. Rc7 h5 43. Rh7 Nc6+ 44. Kd6 Rxe6+ 45. Kxe6 Nd4+ 46. Ke5 Nxb3 47. Rxh5 a4 48. Ke6 Nd4+ 49. Kd5 Nxe2 50. Rh7 a3 51. Ra7 Nf4+ 52. Ke5 Nd3+ 53. Kf5 Nc5 54. Rxa3 Nd7 55. Ra8+ Kf7 56. Ra7 Ke8 57. f7+ Ke7 58. Rxd7+ Kxd7 59. f8=Q 1-0


[Site "https://www.chess.com"]

[Event "Titled Tuesday Blitz July 05 Late 2022"]
[White "Bluebaum, Matthias"]
[Black "Domingo Nunez, Alejandro"]
[WhiteFideId "24651516"]
[BlackFideId "22245561"]
[WhiteElo "2556"]
[BlackElo "2222"]
[Result "1-0"]
[Round "07"]
[TimeControl "180+1"]
[Date "2022.07.05"]
[WhiteClock "0:01:05"]
[BlackClock "0:00:46"]

1. d4 Nf6 2. c4 g6 3. Nc3 Bg7 4. e4 d6 5. Nf3 O-O 6. Be2 e5 7. Be3 Nc6 8. d5 Ne7 9. Nd2 Kh8 10. c5 Ne8 11. Nc4 Ng8 12. Qd2 f5 13. f3 Bh6 14. Bxh6 Qh4+ 15. g3 Qxh6 16. Qxh6 Nxh6 17. b4 Bd7 18. a4 fxe4 19. fxe4 a5 20. bxa5 dxc5 21. Nxe5 Bc8 22. a6 Nd6 23. axb7 Bxb7 24. Nd7 Rfe8 25. Nxc5 Bc8 26. O-O Bg4 27. Bxg4 Nxg4 28. Ne6 Re7 29. a5 c6 30. a6 cxd5 31. exd5 Ne3 32. Rfb1 Rea7 33. Rb6 Ndc4 34. Rc6 Ne5 35. Rc7 Nc2 36. Rxa7 Rxa7 37. Rb1 h5 38. Rb8+ Kh7 39. Rb7+ Rxb7 40. axb7 Nd7 41. Ne4 Nb8 42. Nf6+ Kh6 43. d6 Nb4 44. d7 N4c6 45. d8=Q Nxd8 46. Nxd8 Kg7 47. Nd7 Nxd7 48. Nc6 1-0


[Site "https://www.chess.com"]

[Event "Titled Tuesday Blitz July 05 Late 2022"]
[White "Boder, Jan"]
[Black "Preotu, Razvan"]
[WhiteFideId "16243226"]
[BlackFideId "2613280"]
[WhiteElo "2064"]
[BlackElo "2407"]
[Result "0-1"]
[Round "07"]
[TimeControl "180+1"]
[Date "2022.07.05"]
[WhiteClock "0:00:01"]
[BlackClock "0:00:16"]

1. c4 c5 2. g3 Nc6 3. Bg2 g6 4. Nc3 Bg7 5. a3 d6 6. Rb1 a5 7. e4 e5 8. Nge2 Nge7 9. O-O O-O 10. d3 h6 11. f4 exf4 12. Bxf4 g5 13. Be3 Ne5 14. h3 Be6 15. g4 N7g6 16. Ng3 Kh7 17. Nd5 Nd7 18. Nf5 Be5 19. Qd2 f6 20. b4 axb4 21. axb4 b6 22. bxc5 bxc5 23. d4 cxd4 24. Nxd4 Nc5 25. Nxe6 Nxe6 26. Rb7+ Kh8 27. Rfb1 Ngf4 28. Nxf4 Nxf4 29. Bxf4 gxf4 30. Bf3 Ra3 31. Kg2 Qa8 32. Qb4 Ra2+ 33. Kh1 Rf2 34. Rb8 Rxb8 35. Qxb8+ Qxb8 36. Rxb8+ Kg7 37. Rb3 Bd4 38. h4 Be3 39. Bg2 Rc2 40. Rd3 Bc5 41. Bf1 Kf7 42. Rf3 Be3 43. Rh3 Ke6 44. g5 fxg5 45. hxg5 hxg5 46. Rh6+ Ke5 47. Rg6 f3 48. Rg8 Rc1 49. Re8+ Kf4 50. Rf8+ Kg3 0-1


[Site "https://www.chess.com"]

[Event "Titled Tuesday Blitz July 05 Late 2022"]
[White "Dauner, Benedikt"]
[Black "Bilych, Olexiy"]
[WhiteFideId "16225899"]
[BlackFideId "14156504"]
[WhiteElo "2230"]
[BlackElo "2189"]
[Result "0-1"]
[Round "07"]
[TimeControl "180+1"]
[Date "2022.07.05"]
[WhiteClock "0:00:02"]
[BlackClock "0:00:20"]

1. b3 e5 2. Bb2 Nc6 3. e3 Nf6 4. Nf3 e4 5. Nd4 Nxd4 6. Bxd4 Be7 7. c4 O-O 8. Nc3 b6 9. Qc2 Bb7 10. Rd1 Re8 11. Be2 c5 12. Be5 Bf8 13. Bg3 d5 14. cxd5 Nxd5 15. Nxd5 Qxd5 16. O-O Rad8 17. f3 exf3 18. Bxf3 Qd7 19. Bxb7 Qxb7 20. Qc4 Qd5 21. Qa4 Rd7 22. Qg4 h5 23. Qe2 g6 24. Rf2 Bg7 25. Rdf1 f5 26. Bf4 Bf6 27. h3 Kg7 28. Qe1 Bh4 29. g3 Bf6 30. h4 Red8 31. Qc1 Qe4 32. Re2 Rd3 33. Rff2 R8d7 34. Kh2 a5 35. Kg1 a4 36. bxa4 Qxa4 37. Qb1 Qc6 38. e4 fxe4 39. Be3 c4 40. Qf1 c3 41. dxc3 Bxc3 42. Bg5 Bd4 43. Rxe4 Qxe4 0-1


[Site "https://www.chess.com"]

[Event "Titled Tuesday Blitz July 05 Late 2022"]
[White "Deac, Bogdan-Daniel"]
[Black "Meshkovs, Nikita"]
[WhiteFideId "1226380"]
[BlackFideId "11602740"]
[WhiteElo "2648"]
[BlackElo "2506"]
[Result "1-0"]
[Round "07"]
[TimeControl "180+1"]
[Date "2022.07.05"]
[WhiteClock "0:00:13"]
[BlackClock "0:00:46"]

1. d4 Nf6 2. c4 e6 3. Nf3 d5 4. Nc3 a6 5. e3 Be7 6. b3 O-O 7. Bb2 c5 8. cxd5 cxd4 9. Qxd4 exd5 10. Be2 Nc6 11. Qd1 Bg4 12. O-O Rc8 13. h3 Bf5 14. Rc1 Qd6 15. Nd4 Bd7 16. Bf3 Rfd8 17. Nce2 Ne5 18. Rxc8 Rxc8 19. Nf4 Nxf3+ 20. Nxf3 Be6 21. Qe2 Ne4 22. Rd1 Nc3 23. Bxc3 Rxc3 24. Qd2 Rc8 25. Nxd5 Bxd5 26. Qxd5 Qxd5 27. Rxd5 f6 28. Rd7 Rc1+ 29. Kh2 Ba3 30. Nd4 Ra1 31. Ne6 g6 32. Rg7+ Kh8 33. Rxb7 Kg8 34. Rg7+ Kh8 35. Ra7 Kg8 36. Rxa6 Rxa2 37. f4 Ra1 38. Nd4 Bb2 39. Rxa1 Bxa1 40. g4 Bc3 41. Kg3 Kf7 42. Kf3 Ke7 43. Ke4 Be1 44. Kd5 Kd7 45. e4 Bd2 46. Ne2 h5 47. e5 fxe5 48. fxe5 hxg4 49. hxg4 Ke7 50. Nd4 Kd7 51. Nc6 Kc7 52. e6 Bg5 53. b4 Kb6 54. e7 Bxe7 55. Nxe7 Kb5 56. Nxg6 Kxb4 57. g5 Kb5 58. Ne5 1-0


[Site "https://www.chess.com"]

[Event "Titled Tuesday Blitz July 05 Late 2022"]
[White "Derraugh, Geordie"]
[Black "Wanyama, Harold"]
[WhiteFideId "2603950"]
[BlackFideId "10000380"]
[WhiteElo "2116"]
[BlackElo "2229"]
[Result "1-0"]
[Round "07"]
[TimeControl "180+1"]
[Date "2022.07.06"]
[WhiteClock "0:00:03"]
[BlackClock "0:00:01"]

1. e4 c5 2. Nf3 e6 3. d3 Nc6 4. g3 d6 5. Bg2 Nf6 6. O-O Be7 7. Qe2 e5 8. c3 O-O 9. Nbd2 b6 10. a4 Ba6 11. Nc4 Rc8 12. Rd1 Re8 13. Ne3 Nxe4 14. Nd5 Nf6 15. Nxe7+ Nxe7 16. a5 e4 17. Ng5 Bxd3 18. Qe1 d5 19. axb6 axb6 20. Ra7 Rc7 21. Ra3 h6 22. Nh3 Ng6 23. Nf4 Ne5 24. h4 Rce7 25. Bd2 Nf3+ 26. Bxf3 exf3 27. Be3 c4 28. Nxd3 cxd3 29. Rxd3 Ng4 30. c4 d4 31. Qd1 Rxe3 32. fxe3 Qd6 33. Qxf3 Ne5 34. Qe4 Qb4 35. exd4 f5 36. Qe2 Nf3+ 37. Qxf3 Qe1+ 38. Qf1 Qb4 39. Rac3 Qxb2 40. Rb3 Qc2 41. c5 bxc5 42. dxc5 Qxc5+ 43. Qf2 Re1+ 44. Kg2 1-0


[Site "https://www.chess.com"]

[Event "Titled Tuesday Blitz July 05 Late 2022"]
[White "Domingo Nunez, Ruben"]
[Black "Storme, Isak"]
[WhiteFideId "22245570"]
[BlackFideId "1728113"]
[WhiteElo "2373"]
[BlackElo "2205"]
[Result "0-1"]
[Round "07"]
[TimeControl "180+1"]
[Date "2022.07.05"]
[WhiteClock "0:00:08"]
[BlackClock "0:00:08"]

1. c4 c5 2. Nc3 Nf6 3. g3 g6 4. Bg2 Bg7 5. Nf3 O-O 6. O-O Nc6 7. d4 cxd4 8. Nxd4 Qa5 9. Nc2 d6 10. Bd2 Qh5 11. Ne3 Bh3 12. Bf3 Ng4 13. Ncd5 Nce5 14. Nf4 Qh6 15. Nxg4 Bxg4 16. Ne6 Qh5 17. Nxg7 Kxg7 18. Bc3 Bxf3 19. exf3 Kg8 20. Bxe5 Qxe5 21. Re1 Qf6 22. b3 Rac8 23. Qd5 b6 24. Rad1 Rc7 25. Rd3 Rfc8 26. Rde3 Kg7 27. Kg2 h5 28. h4 Rc5 29. Qd2 R8c7 30. Re4 Rf5 31. Qe3 e6 32. Rd1 d5 33. cxd5 exd5 34. Red4 Qd6 35. Qd3 Rd7 36. Qb5 Qe6 37. R1d2 Re5 38. a4 Qd6 39. f4 Rf5 40. Re2 Rc7 41. Qd3 Qf6 42. Kh2 Rc5 43. b4 Rc1 44. Rxd5 Qc6 45. Qd4+ Kh7 46. Rd2 Rc4 47. Qd3 Rxd5 48. Qxd5 Qxd5 49. Rxd5 Rxb4 50. a5 bxa5 51. Rxa5 Rb7 52. Ra6 Kg7 53. Kg2 Re7 54. Kf3 Rb7 55. f5 gxf5 56. Kf4 Rb2 57. f3 Rb3 58. Rxa7 Kg6 59. Ra6+ f6 60. Ra4 Rc3 61. Rb4 Ra3 62. Rc4 Rb3 63. Rd4 Ra3 64. Rb4 Rc3 65. Rb8 Rc4+ 66. Ke3 Rc3+ 67. Kf2 Rc2+ 68. Kf1 f4 69. gxf4 Kf5 70. Rb4 Ra2 71. Kg1 Rc2 72. Kh1 Ra2 73. Kg1 Rc2 74. Rc4 Rxc4 75. Kf2 Rxf4 76. Kg3 Ra4 77. Kg2 Rxh4 0-1


[Site "https://www.chess.com"]

[Event "Titled Tuesday Blitz July 05 Late 2022"]
[White "Dubov, Daniil"]
[Black "Abdrlauf, Elham"]
[WhiteFideId "24126055"]
[BlackFideId "1533533"]
[WhiteElo "2791"]
[BlackElo "2429"]
[Result "1-0"]
[Round "07"]
[TimeControl "180+1"]
[Date "2022.07.05"]
[WhiteClock "0:00:09"]
[BlackClock "0:00:02"]

1. c4 e5 2. g3 Nf6 3. Bg2 c6 4. d4 e4 5. Qa4 d5 6. cxd5 b5 7. Qd1 cxd5 8. Bg5 Be7 9. e3 Nbd7 10. Ne2 O-O 11. O-O h6 12. Bxf6 Nxf6 13. a3 a5 14. Nbc3 Ba6 15. Qd2 Qd7 16. Rfc1 b4 17. axb4 axb4 18. Na4 Bxe2 19. Nb6 Rxa1 20. Nxd7 Rxc1+ 21. Qxc1 Nxd7 22. Qc7 Bb5 23. Bf1 Bd8 24. Qd6 Bxf1 25. Kxf1 Nf6 26. Qxb4 Bc7 27. Qc5 Bb8 28. Qc6 Rd8 29. b4 Kf8 30. Kg2 Bd6 31. b5 Ke7 32. h3 h5 33. b6 Rb8 34. b7 Rd8 35. Kf1 Rb8 36. Qc8 Nd7 37. Kg2 g6 38. g4 hxg4 39. hxg4 Nb6 40. Qc6 Nd7 41. Qxd5 Nf6 42. Qc6 g5 43. Qc8 Nd7 44. Kf1 Nf6 45. Ke2 Nd5 46. Qc6 Nf6 47. f3 exf3+ 48. Kxf3 Rh8 49. e4 Nd7 50. Qd5 Bf4 51. e5 Rb8 52. Ke4 Kd8 53. Kf5 Kc7 54. Qd6+ Kd8 55. Qc6 Ke7 56. Qc7 f6 57. exf6+ Ke8 58. Qc8+ Kf7 59. Qxd7+ 1-0


[Site "https://www.chess.com"]

[Event "Titled Tuesday Blitz July 05 Late 2022"]
[White "Fishbein, Alexander"]
[Black "Tikhonov, Viacheslav"]
[WhiteFideId "2000377"]
[BlackFideId "44196407"]
[WhiteElo "2410"]
[BlackElo "1839"]
[Result "0-1"]
[Round "07"]
[TimeControl "180+1"]
[Date "2022.07.06"]
[WhiteClock "0:00:31"]
[BlackClock "0:00:15"]

1. e4 e6 2. d4 d5 3. exd5 exd5 4. Nf3 Bd6 5. c4 dxc4 6. Bxc4 Nf6 7. O-O O-O 8. Nc3 Bg4 9. h3 Bh5 10. g4 Bg6 11. Ne5 Bxe5 12. dxe5 Ne4 13. Nxe4 Bxe4 14. Qxd8 Rxd8 15. Bg5 Rd4 16. Rad1 Nc6 17. Be2 Rxd1 18. Rxd1 Nxe5 19. Rd8+ Rxd8 20. Bxd8 c6 21. f4 Nd7 22. Kf2 Bd5 23. a3 f6 24. Ke3 b6 25. Bc7 Kf7 26. Bd3 h6 27. h4 Nc5 28. Bc2 Ke7 29. f5 Nd7 30. Kf4 Bf7 31. Be4 Bd5 32. Bc2 Nc5 33. b4 Na6 34. Bxb6 axb6 35. Bd3 b5 36. Ke3 Kd6 37. Be2 Nc7 38. Kd4 Na8 39. Bd1 Nb6 40. Bc2 Bf3 41. g5 hxg5 42. hxg5 fxg5 43. Ke3 Bd5 0-1


[Site "https://www.chess.com"]

[Event "Titled Tuesday Blitz July 05 Late 2022"]
[White "Freitag, Manfred"]
[Black "Zakarian, David"]
[WhiteFideId "1602004"]
[BlackFideId "13301276"]
[WhiteElo "2292"]
[BlackElo "2421"]
[Result "1-0"]
[Round "07"]
[TimeControl "180+1"]
[Date "2022.07.06"]
[WhiteClock "0:00:28"]
[BlackClock "0:00:09"]

1. e4 Nc6 2. Nf3 d6 3. d4 Nf6 4. Nc3 Bg4 5. Be3 e6 6. h3 Bh5 7. d5 exd5 8. exd5 Bxf3 9. Qxf3 Ne5 10. Qe2 Be7 11. Qb5+ c6 12. Qxb7 Rb8 13. Qxa7 Rxb2 14. dxc6 O-O 15. c7 Qd7 16. Ba6 Nc6 17. c8=Q Qxc8 18. Bxc8 Nxa7 19. Bf5 Nc6 20. O-O g6 21. Bd3 Nb4 22. Rfb1 Nxd3 23. cxd3 Rxb1+ 24. Rxb1 Ra8 25. a4 Bd8 26. Bb6 Bxb6 27. Rxb6 Rc8 28. Nb5 Rc1+ 29. Kh2 Ra1 30. Rxd6 Kg7 31. Rd4 Ra2 32. f3 g5 33. Nc3 Ra3 34. Ne4 h6 35. Nxf6 Kxf6 36. f4 Ke6 37. Kg3 f5 38. Kf3 Ra1 39. fxg5 hxg5 40. g4 f4 41. Rb4 Rf1+ 42. Kg2 Rd1 43. Rb6+ Kf7 44. Rd6 Ra1 45. Rd4 Kf6 46. h4 gxh4 47. Rxf4+ Kg5 48. Rd4 Ra2+ 49. Kh3 Ra3 50. Rd5+ Kg6 51. a5 Ra4 52. Kxh4 1-0


[Site "https://www.chess.com"]